 Dungeon Crawl Stone Soup version 0.26.0-45-g9c1d065592 (webtiles) character file.

Game seed: 9267052990863874729

312 canine the Cudgeller (level 6, -3/54 HPs)
             Began as a Palentonga Monk on Jan 28, 2021.
             Hit by a stone thrown by an orc warrior (9 damage)
             ... on level 4 of the Dungeon.
             The game lasted 00:06:58 (4357 turns).

canine the Cudgeller (Palentonga Monk)              Turns: 4357, Time: 00:06:58

Health: -3/54      AC:  6    Str: 16    XL:     6   Next: 18%
Magic:  6/6        EV:  9    Int: 10    God:
Gold:   172        SH:  0    Dex: 13    Spells: 5/5 levels left

rFire    . . .     SeeInvis +   a - +0 mace
rCold    . . .     Faith    .   (no shield)
rNeg     . . .     Spirit   .   g - +0 ring mail
rPois    .         Reflect  .   (no helmet)
rElec    .         Harm     .   (no cloak)
rCorr    .         Rampage  .   s - +0 pair of gloves (curse)
Will     .....                  (no barding)
Stlth    +.........             c - amulet of the acrobat
HPRegen  0.18/turn              (no ring)
MPRegen  0.10/turn              (no ring)

@: no status effects
A: large, rugged brown scales 3, see invisible, deformed body, roll 1, armoured
tail
a: Rolling Charge


You were on level 4 of the Dungeon.
You visited 1 branch of the dungeon, and saw 4 of its levels.

You collected 172 gold pieces.

Inventory:

Hand Weapons
 a - a +0 mace (weapon)
Missiles
 i - 6 silver javelins (quivered)
Armour
 g - a +0 ring mail (worn)
 s - a cursed +0 pair of gloves (worn)
Jewellery
 c - an amulet of the acrobat (around neck)
 j - an uncursed ring of ice
Scrolls
 b - 4 scrolls of enchant weapon
 e - a scroll of blinking
 f - a scroll of random uselessness {unknown}
 h - 2 scrolls of immolation
 p - a scroll of teleportation {unknown}
 q - a scroll of remove curse
 r - a scroll of fear {unknown}
Potions
 d - 3 potions of might {unknown}
 k - 3 potions of degeneration {unknown}
 l - a potion of resistance {unknown}
 m - a potion of brilliance {unknown}
 n - a potion of magic {unknown}
 o - a potion of flight {unknown}


   Skills:
 - Level 3.0 Fighting
 + Level 7.0 Maces & Flails
 - Level 2.4 Dodging
 - Level 1.2 Stealth


You had 5 spell levels left.
You didn't know any spells.
Your spell library contained the following spells:

 Spells                   Type           Power        Failure   Level
 Summon Small Mammal      Summ           0%           58%         1
 Call Imp                 Summ           0%           73%         2
 Call Canine Familiar     Summ           0%           91%         3
 Summon Guardian Golem    Hex/Summ       0%           91%         3
 Summon Ice Beast         Ice/Summ       0%           100%        4
 Summon Lightning Spire   Summ/Air       0%           100%        4


Dungeon Overview and Level Annotations

Branches:
Dungeon (4/15)
 Temple: D:4-7

Altars:


Innate Abilities, Weirdness & Mutations

You are completely covered in rugged brown scales. (AC +3, +7% HP)
You have supernaturally acute eyesight. (SInv)
Armour fits poorly on your strangely shaped body.
You can roll at nearby foes to attack.
You have a long armoured tail.


Message History

* * * LOW HITPOINT WARNING * * *
Roll where?
Press: ? - help, Dir - move target, f/p - orc warrior
Aim: an orc warrior, wielding a +0 war axe, wearing a +0 chain mail and quivering 8 stones (lightly wounded)
You roll forward with a clatter of scales!
You sock the orc warrior!
The orc warrior is severely wounded.
You hear a shout! x2
The orc warrior misses you.
The orc warrior throws a stone.
The stone completely misses you.
You see here a stone.
The orc warrior throws a stone.
The stone completely misses you.
You see here 2 stones.
Throw: 7 javelins (silver)
Press: ? - help, Q - select action, (/) - cycle Shift-Dir - straight line, f/p - orc warrior
Aim: an orc warrior, wielding a +0 war axe, wearing a +0 chain mail and quivering 6 stones (severely wounded, 53% to hit)
You throw a silver javelin.
The silver javelin closely misses the orc warrior.
The orc warrior throws a stone.
The stone hits you!
You die...

# #.####.........
#.#.............#
.#..#.........##
..o##.......#.#
#o##.#.....##.
#o#..##....#
#.#.###.......
#.(.###.#.....
#.#@.##.###...#
#.##..#.. ...#
#.# #...# #. ..#
#..# ##. ...# .
...# ###


You could see an orc warrior.

Vanquished Creatures
  A howler monkey (D:4)
  An orc wizard (D:2)
  A worker ant (D:4)
  3 gnolls (D:3)
  7 adders
  2 oozes (D:1)
  5 worms
  2 dart slugs
  2 leopard geckos
  3 orcs (D:3)
  3 ball pythons (D:2)
  5 giant cockroaches
  8 goblins
  13 hobgoblins
  3 jackals (D:2)
  A quokka (D:4)
  16 bats
  4 frilled lizards
  13 kobolds
  9 rats
102 creatures vanquished.

Notes
Turn   | Place    | Note
-------+----------+-------------------------------------------
     0 | D:1      | canine the Palentonga Monk began the quest for the Orb.
     0 | D:1      | Reached XP level 1. HP: 20/20 MP: 1/1
    54 | D:1      | Reached XP level 2. HP: 22/27 MP: 2/2
   297 | D:1      | Reached skill level 4 in Maces & Flails
   542 | D:1      | Reached XP level 3. HP: 33/33 MP: 3/3
  1196 | D:2      | Reached XP level 4. HP: 40/40 MP: 4/4
  1241 | D:2      | Reached skill level 5 in Maces & Flails
  2422 | D:2      | Reached XP level 5. HP: 47/48 MP: 5/5
  2868 | D:2      | Reached skill level 6 in Maces & Flails
  4216 | D:4      | Reached skill level 7 in Maces & Flails
  4216 | D:4      | Reached XP level 6. HP: 39/54 MP: 6/6
  4344 | D:4      | Noticed an orc warrior
  4357 | D:4      | Hit by a stone thrown by an orc warrior

Illustrated notes

Levels and vault maps discovered:
D:1:      sevenhm_arrival_forest_fort_small_1, layout_loops_ring
D:2:      kennysheep_six_static_rooms, layout_loops_corners,
          minmay_fractal_squares_5
D:3:      layout_basic, minivault_14, chequers_mini_garden
D:4:      layout_layer_cave, guppyfry_early_orc_mine

Skill      XL: |  1  2  3  4  5 |
---------------+----------------+-----
Maces & Flails | 4 5 7 |  7.0
Fighting       | |  3.0
Dodging        | |  2.4
Stealth        | |  1.2

Action                   |  1- 3 |  4- 6 || total
-------------------------+-------+-------++-------
Melee: Mace              |   101 |   243 ||   344
       Tailslap          |    16 |    29 ||    45
Throw: Javelin           |       |     2 ||     2
 Abil: Rolling Charge    |     1 |    26 ||    27
  Use: Scroll            |       |     5 ||     5
 Stab: Sleeping          |     1 |       ||     1
Armor: Robe              |    10 |       ||    10
       Ring mail         |    33 |    81 ||   114
Dodge: Dodged            |    84 |   143 ||   227
